Unix NetHack Version 5.0.0-0 post-release - last build May 23 2026 06:08:33 (1c0ff79ee797540d5714e4e18072db0edd9e58ae,branch:main).

Game began 2026-05-29 04:13:17, ended 2026-05-29 04:34:20.

Brudee, neutral female human Tourist

                                                    --------        --------
                                                    |......|        .......|
                                                 ###..[....|        |......|
      ----------------                           #  |......|      # |......|
      |..............|                          #@  ---.----   #####.......|
      |....<.........|                         ##@#    ####   ## #  ----.---
      |...............                        ##   #      ##### ##      #
      -.--------------                         #          ####  #       #
       ########                               ##            #           #
              ######                          #             ##          #
                   #         ##      ----.---##        -.---..--      --|----
                   #         ##      |......|#         |.....).|      .^..).|
         ----------|---   0 #########........#         |.......|      |.....|
         |............|)##*#)        |......|          |.......|      |.[.!?|
         |.....>...([..*   ##        --------          |.......|    ##-...(.|
         |............-##                              ---------      -------
         |......{.....|
         |.............
         --------------

Brudee the Sightseer        St:10 Dx:13 Co:13 In:14 Wi:9 Ch:16  Neutral S:1228
Dlvl:7  $:0  HP:0(40) Pw:14(22) AC:8  Xp:5/212 T:2037  Satiated Hallu

Latest messages:
 Magical Trevor drops a +0 pair of walking shoes.
 You are about to hurl!
 You feel less wobbly now.
 You hurl chunks!
 You can move again.
 You hit the giant mimic.
 You knock the maggot backward with a powerful strike!
 You hit the shrieker.
 You knock the python backward with a powerful strike!
 You miss the aquator.
 You kick the giant rat.
 You start digging.
 You hit the rock with all your might.
 You stop digging.
 The beer wight misses!
 The green dragon hits!
 In what direction? j
 You kill the tiger!
 a - a +2 dart (at the ready) (24 in total).
 You see here a hobgoblin corpse.
 The imp bites it.
 It misses the rat-ant.
 Your kelpie eats a hobgoblin corpse.
 In what direction? l
 You see here a statue of a giant rat.
 a - a +2 dart (at the ready) (24 in total).
 The rock troll misses!
 The doozer bites!
 You see here a statue of a giant rat.
 What do you want to drink? [rM or ?*] ?
 You feel better.
 The aligned parquet bites!
 The Mordor orc bites!
 In what direction? k
 The dart hits the baby yellow dragon.
 The yellow dragon bites!
 You return to human form!
 The ettin bites!
 In what direction? k
 The dart misses the soldier.
 The cockatrice bites!
 The dwarf king bites!
 What do you want to zap? [wxzA-CI or ?*] ?
 In what direction? k
 The harpy is suddenly moving faster.
 The gargoyle bites!
 The mime bites!
 You die...
 Do you want your possessions identified? [ynq] (y) y
 Do you want to see your attributes? [ynq] (y) q

Inventory:
 Weapons  (')')
  a - 22 +2 darts (at the ready)
  F - 2 +0 elven daggers
  S - a +0 dwarvish mattock (weapon in hands)
 Armor    ('[')
  R - a cursed +0 dwarvish iron helm (being worn)
  O - an uncursed +0 pair of elven boots
  s - a blessed +0 robe
 Comestibles  ('%')
  d - 3 uncursed slime molds
  g - 2 uncursed carrots
  e - 4 uncursed food rations
  G - an uncursed tripe ration
 Scrolls  ('?')
  N - a cursed scroll of create monster
  q - a cursed scroll of enchant armor
  t - an uncursed scroll of fire
  T - a scroll of mail
 Potions  ('!')
  M - an uncursed potion of water
 Rings    ('=')
  P - a cursed ring of polymorph (on right hand)
  K - an uncursed ring of searching
 Wands    ('/')
  I - a wand of digging (0:7)
  x - a wand of magic missile (0:5)
  B - a wand of make invisible (0:7)
  z - a wand of secret door detection (0:14)
  C - a wand of speed monster (0:3)
  w - a wand of teleportation (0:6)
  A - a wand of undead turning (0:7)
 Tools    ('(')
  p - a bag of tricks (0:14)
  n - an uncursed credit card
  m - an expensive camera (0:67)
 Gems/Stones  ('*')
  J - an uncursed worthless piece of yellowish brown glass

Brudee the Tourist's attributes:

Background:
 You were a Sightseer, a level 5 female human Tourist.
 You were neutral, nominally on a mission for The Lady
 who was opposed by Blind Io (lawful) and Offler (chaotic).
 You were right-handed.
 You were in the Dungeons of Doom, on level 7.
 You entered the dungeon 2037 turns ago.
 It was nighttime.
 You had 212 experience points, 108 more were needed to attain level 6.
 Your score was 1228 before end-of-game adjustments.

Basics:
 You had 0 out of 40 hit points.
 You had 14 out of 22 energy points (spell power).
 Your armor class was 8.
 Your wallet was empty.
 Autopickup was on for '$!=+?/"' plus thrown.

Final Characteristics:
 Your strength was 10 (limit:18/100).
 Your dexterity was 13 (limit:18).
 Your constitution was 13 (limit:18).
 Your intelligence was 14 (limit:18).
 Your wisdom was 9 (limit:18).
 Your charisma was 16 (limit:18).

Final Status:
 You were hallucinating.
 You were satiated.
 You were unencumbered.
 You were wielding a mattock.
 You were unskilled in pick-axe.

Final Attributes:
 You were piously aligned.
 You saw invisible.
 You were polymorphing periodically.
 You are dead.

Miscellaneous:
 You didn't encounter any bones levels.
 Total elapsed playing time was 21 minutes and 2 seconds.

Major events:
 Turn
    1: Brudee the neutral female human Tourist entered the dungeon
  888: attained the rank of Sightseer (level 3)
 2037: killed by a hallucinogen-distorted giant bat

Spells:
 Name                 Level Category     Fail Retention
 light                  1   divination    38%  76%-100%
 polymorph              6   matter       100%  76%-100%

Skills:
 Fighting Skills
   bare handed combat [Unskilled]
   two weapon combat  [Unskilled]
   riding             [Unskilled]
 Weapon Skills
   dagger             [Unskilled]
   knife              [Unskilled]
   axe                [Unskilled]
   pick-axe           [Unskilled]
   short sword        [Unskilled]
   broadsword         [Unskilled]
   long sword         [Unskilled]
   two-handed sword   [Unskilled]
   saber              [Unskilled]
   mace               [Unskilled]
   morning star       [Unskilled]
   flail              [Unskilled]
   hammer             [Unskilled]
   quarterstaff       [Unskilled]
   polearms           [Unskilled]
   spear              [Unskilled]
   trident            [Unskilled]
   lance              [Unskilled]
   bow                [Unskilled]
   sling              [Unskilled]
   crossbow           [Unskilled]
   dart               [Basic]
   shuriken           [Unskilled]
   boomerang          [Unskilled]
   whip               [Unskilled]
   unicorn horn       [Unskilled]
 Spellcasting Skills
   divination spells  [Unskilled]
   enchantment spells [Unskilled]
   escape spells      [Unskilled]

Voluntary challenges:
 Character rerolling was not enabled.
 You were an atheist.
 You never genocided any monsters.
 You never polymorphed an object.
 You used no wishes.
Achievements:
 You entered a shop.
 You attained the rank of Sightseer.

 The Dungeons of Doom: levels 1 to 8
    Level 1:
       A fountain.
    Level 2:
       A wand shop, many fountains.
    Level 3:
       A grave.
    Level 4:
       A fountain.
    Level 5:
       Many fountains.
       Oracle of Delphi.
    Level 6:
       A fountain.
    Level 7: <- You were here.
       A fountain.
       Final resting place for
          you, killed by a hallucinogen-distorted giant bat.
    Level 8:


Vanquished creatures:
  a wolf
  a bugbear
  a pony
  a fog cloud
  3 elf zombies
  a dwarf
  2 rothes
  a giant bat
  3 hobbits
  a hobgoblin
  a giant rat
  a brown mold
  a red mold
  4 geckos
  4 jackals
  a sewer rat
  2 grid bugs
  5 lichens
  a kobold zombie
35 creatures vanquished.

No species were genocided or became extinct.

Game over:
                       ----------
                      /          \
                     /    REST    \
                    /      IN      \
                   /     PEACE      \
                  /                  \
                  |      Brudee      |
                  |       0 Au       |
                  |   killed by a    |
                  | hallucinogen-dis |
                  | torted giant bat |
                  |                  |
                  |       2026       |
                 *|     *  *  *      | *
        _________)/\\_//(\/(/\)/\//\/|_)_______

Aloha Brudee the Tourist...

You died in The Dungeons of Doom on dungeon level 7 with 1228 points,
and 0 pieces of gold, after 2037 moves.
You were level 5 with a maximum of 40 hit points when you died.

